AoeStats
← Hogos

Lombardia

509034042Analyzed
2v2 RM · 8d ago on Sep 25, 2026· 59m 28s· 4 players
Game mode
Random Map
Map size
Medium (4 player)
Population
200
Speed
Normal
Resources
Standard
Victory
Conquest
Starting age
Dark Age
Ending age
Imperial Age
RankedLock teamsTeams togetherTeam positionsShared explorationLock speedFull tech treeHidden civsTurbo modeCheats
Victory
Defeat
🇺🇸 Danes · United States
1255
+15
🇺🇸 Varangians · United States
1250
+16
🇲🇽 Saxons · Mexico
1251
-16
🇲🇽 Varangians · Mexico
1232
-15
Hogos
6:57 Loom
9:27 Feudal Age
10:40 Double-Bit Axe
15:01 Town Watch
19:23 Castle Age
17:13 Horse Collar
17:17 Man-at-Arms
18:39 Arson
19:33 Long Swordsman
20:14 Squires
20:57 Gambesons
25:44 Bow Saw
26:51 Wheelbarrow
27:36 Heavy Plow
29:47 Scale Mail Armor
33:56 Hand Cart
36:49 Imperial Age
37:30 Imperial Age
35:54 Chain Mail Armor
35:50 Forging
35:47 Gold Mining
35:48 Stone Mining
37:43 Two-Handed Swordsman
38:54 Plate Mail Armor
39:00 Iron Casting
38:00 Shield Wall
38:36 Champion
48:17 Pikeman
50:36 Fortified Wall
50:38 Masonry
50:24 Murder Holes
51:44 Halberdier
GianpaMX
7:28 Loom
9:43 Feudal Age
10:19 Double-Bit Axe
10:45 Horse Collar
21:05 Castle Age
20:38 Forging
20:40 Bloodlines
20:37 Scale Barding Armor
22:00 Husbandry
22:30 Bow Saw
22:29 Heavy Plow
23:20 Iron Casting
25:02 Chain Barding Armor
24:40 Town Watch
25:38 Wheelbarrow
25:50 Wheelbarrow
25:56 Gold Mining
34:12 Stone Mining
34:16 Fletching
38:08 Stone Shaft Mining
38:30 Hand Cart
39:41 Bodkin Arrow
44:00 Ballistics
46:04 Treadmill Crane
51:24 Padded Archer Armor
52:04 Elite Skirmisher
53:00 Leather Archer Armor
55:53 Imperial Age
55:23 Vendel Legacy
56:38 Bracer
57:40 Blast Furnace
57:11 Ring Archer Armor
57:53 Two-Man Saw
59:53 Crop Rotation
Nijoru
7:07 Loom
10:18 Feudal Age
14:48 Castle Age
13:07 Double-Bit Axe
13:38 Gold Mining
13:49 Horse Collar
15:48 Bow Saw
20:51 Town Watch
24:21 Scale Mail Armor
24:52 Heavy Plow
25:30 Chain Mail Armor
25:26 Forging
26:28 Squires
26:14 Arson
26:51 Hamask
28:25 Wheelbarrow
28:05 Stone Mining
30:47 Iron Casting
32:15 Hand Cart
35:50 Imperial Age
33:38 Gambesons
34:26 Ballistics
33:58 Fletching
35:05 Gold Shaft Mining
35:07 Stone Shaft Mining
35:54 Bodkin Arrow
36:01 Elite Jomsviking
37:18 Conscription
37:52 Hoardings
38:08 Plate Mail Armor
39:12 Blast Furnace
38:21 Bracer
38:33 Masonry
40:59 Chemistry
39:34 Northmen's Fury
40:56 Murder Holes
41:55 Caravan
41:34 Man-at-Arms
42:11 Long Swordsman
42:37 Elite Varangian Guard
43:18 Two-Handed Swordsman
45:24 Siege Engineers
44:56 Champion
55:24 Capped Ram
58:47 Onager
58:48 Siege Ram
JesusFreak
8:16 Loom
10:27 Feudal Age
15:49 Castle Age
26:30 Wheelbarrow
28:33 Double-Bit Axe
33:10 Stone Mining
33:12 Gold Mining
34:32 Horse Collar
35:50 Town Watch
36:22 Hand Cart
37:08 Bow Saw
37:01 Heavy Plow
41:42 Imperial Age
39:30 Town Patrol
40:59 Forging
41:06 Scale Barding Armor
42:29 Elite Jarl
43:34 Conscription
43:34 Husbandry
43:44 Bloodlines
44:05 Chain Barding Armor
44:39 Iron Casting
45:21 Plate Barding Armor
46:52 Blast Furnace
54:33 Caravan
55:53 Elite Varangian Guard
56:35 Squires
56:21 Arson
56:22 Gambesons
56:41 Scale Mail Armor
59:19 Chain Mail Armor
Connection lost

Rejoining the realm…

Still unreachable

The connection could not be restored.

Session expired

The server has moved on; the page needs a fresh start.